 Dungeon Sprint DCSS version 0.19.5 (webtiles) character file.

7 equalderp2856 the Chiller (level 1, 0/10 HPs)
             Began as a Deep Elf Ice Elementalist on Apr 2, 2017.
             Was an Initiate of Gozag.
             Succumbed to a worker ant's poison
             ... in the Dungeon (Sprint VII: "The Pits").
             The game lasted 00:00:43 (201 turns).

equalderp2856 the Chiller (DEIE)                     Turns: 201, Time: 00:00:43

Health: 0/10       AC:  2    Str:  5    XL:     1   Next: 83%
Magic:  7/7        EV: 13    Int: 19    God:    Gozag
Gold:   45         SH:  0    Dex: 15    Spells: 1 memorised, 6 levels left

rFire  . . .     SeeInvis .     (no weapon)
rCold  . . .     Gourm    .     a - +0 robe
rNeg   . . .     Faith    .     (no shield)
rPois  .         Spirit   .     (no helmet)
rElec  .         Reflect  .     (no cloak)
rCorr  .         Harm     .     (no gloves)
MR     .....     NoTele   +     (no boots)
Stlth  ++........               (no amulet)
                                (no ring)
                                (no ring)

@: lethally poisoned (0 -> -8)
A: no striking features
a: Potion Petition, Call Merchant, Bribe Branch, Renounce Religion


You were in the Dungeon.
You worshipped Gozag.
Gozag was noncommittal.
You were not hungry.

You visited 1 branch You collected 45 gold pieces.

Inventory:

Hand Weapons
 s - a +2 hand axe
 t - a +2 quarterstaff
 u - a +2 trident
 v - a +2 falchion
 w - a +2 mace
 x - a +2 dagger of electrocution
Missiles
 q - 10 stones (quivered)
Armour
 a - a +0 robe (worn)
Magical Staves
 r - an uncursed staff of energy
Scrolls
 i - a scroll of blinking
 k - 3 scrolls of remove curse
 l - 5 scrolls of amnesia
 m - a scroll of summoning
 p - 2 scrolls of vulnerability
Potions
 d - a potion of curing
 e - a potion of heal wounds
 f - a potion of haste
 g - 4 potions of magic
 h - 3 potions of berserk rage
 j - 2 potions of invisibility
Books
 b - a book of Frost

   Spells                             Type                      Level
   a - Freeze                         Ice                          1
   b - Throw Frost                    Conjuration/Ice              2
   c - Ozocubu's Armour               Charms/Ice                   3
   d - Throw Icicle                   Conjuration/Ice              4
   e - Summon Ice Beast               Ice/Summoning                4
Comestibles
 c - 8 bread rations
 n - 40 fruits
 o - 7 meat rations


   Skills:
 + Level 2.7 Dodging
 + Level 2.4 Stealth
 + Level 3.8 Spellcasting
   Level 1.1 Conjurations
 + Level 4.7 Ice Magic


You had 6 spell levels left.
You knew the following spells:

 Your Spells              Type           Power        Failure   Level  Hunger
a - Freeze                Ice            ###.         1%          1    None


Dungeon Overview and Level Annotations

Branches:
Dungeon (1/1)

Altars:
Ashenzari
Cheibriados
Dithmenos
Elyvilon
Fedhas
Gozag
Hepliaklqana
Kikubaaqudgha
Makhleb
Nemelex Xobeh
Okawaru
Qazlal
Ru
Sif Muna
Trog
Uskayaw
Vehumet
Xom
Yredelemnul
Zin
The Shining One
Beogh
Jiyva
Lugonu


Message History

You see here 3 tomahawks.
You start resting.
Magic restored.
You open the door.
A worker ant and a gnoll come into view.
The gnoll shouts!
The worker ant twitches its antennae in your direction.
Really attack barehanded? [Y]es or [N]o only, please.
Really attack barehanded? [Y]es or [N]o only, please.
Really attack barehanded?
Okay, then.
The worker ant bites you.
Ouch! That really hurt!
You are lethally poisoned!
The worker ant poisons you! The worker ant bites you.
* * * LOW HITPOINT WARNING * * *
Unknown command.
You die...
Your body crumbles into a pile of gold.

############
#__________#
#__________#
#____#####'###########++
######...#.##...........
#....'...'.##......#..#.
##########.##...........
#...........'...........
#+#####@#####......#..#.
#..#..##...........
+(.a..#####'#####++
####+###.......#
#.......# #.......#
#...<...# #.......#
#.......#


You could see a worker ant.

Vanquished Creatures
  An ooze (D)
  An orc (D)
2 creatures vanquished.

Notes
Turn   | Place    | Note
-------+----------+-------------------------------------------
     0 | D        | equalderp2856 the Deep Elf Ice Elementalist began the quest for the Orb.
     0 | D        | Reached XP level 1. HP: 10/10 MP: 6/6
    32 | D        | Reached skill level 4 in Ice Magic
   106 | D        | Found a radiant altar of Vehumet.
   106 | D        | Found a hide-covered altar of Uskayaw.
   106 | D        | Found an ancient bone altar of Kikubaaqudgha.
   106 | D        | Found a viscous altar of Jiyva.
   106 | D        | Found a hazy altar of Hepliaklqana.
   107 | D        | Found a bloodstained altar of Trog.
   107 | D        | Found a deep blue altar of Sif Muna.
   107 | D        | Found a sacrificial altar of Ru.
   107 | D        | Found a stormy altar of Qazlal.
   107 | D        | Found an iron altar of Okawaru.
   107 | D        | Found a sparkling altar of Nemelex Xobeh.
   107 | D        | Found an opulent altar of Gozag.
   107 | D        | Found a blossoming altar of Fedhas.
   107 | D        | Found a white marble altar of Elyvilon.
   107 | D        | Found a shadowy altar of Dithmenos.
   107 | D        | Found a snail-covered altar of Cheibriados.
   108 | D        | Found a glowing golden altar of the Shining One.
   108 | D        | Found a glowing silver altar of Zin.
   110 | D        | Found a roughly hewn altar of Beogh.
   110 | D        | Found a burning altar of Makhleb.
   110 | D        | Found a basalt altar of Yredelemnul.
   111 | D        | Found a shattered altar of Ashenzari.
   111 | D        | Found a corrupted altar of Lugonu.
   111 | D        | Found a shimmering altar of Xom.
   113 | D        | Became a worshipper of Gozag Ym Sagoz the Greedy
   199 | D        | Noticed a worker ant
   201 | D        | Succumbed to a worker ant's poison

Skill      XL: |  1 |
---------------+----+-----
Ice Magic      | 4 |  4.7
Dodging        | |  2.7
Stealth        | |  2.4
Spellcasting   | |  3.8
Conjurations   | |  1.1

Action                   || total
-------------------------++-------
 Cast: Freeze            ||     7
Dodge: Dodged            ||     3
